Description

(DT,Archon,Stalker..)

Build Order

Get SALT Encoding   

  12  0:00  Probe (Chrono Boost)  
  13  0:11  Probe (Chrono Boost)  
  14  0:17  Pylon  
  14  0:22  Probe (Chrono Boost)  
  15  0:35  Probe (Chrono Boost)  
  16  0:38  Gateway  
  16  0:46  Probe (Chrono Boost)  
  17  0:51  Pylon  
  17  0:56  Probe (Chrono Boost)  
  18  1:02  Assimilator  
  18  1:07  Probe (Chrono Boost)  
  19  1:28  Nexus  
  19  1:31  Probe (Chrono Boost)  
  20  1:42  Probe (Chrono Boost)  
  21  1:48  Cybernetics Core  
  21  1:50  Assimilator  
  21  1:52  Probe (Chrono Boost)  
  22  2:03  Probe (Chrono Boost)  
  22  2:05  Pylon  
  23  2:13  Probe (Chrono Boost)  
  24  2:16  Warp Gate  
  24  2:21  Adept  
  24  2:26  Probe (Chrono Boost)  
  27  2:32  Twilight Council  
  28  2:38  Probe (Chrono Boost)  
  28  2:40  Probe (Chrono Boost)  
  29  2:47  Stalker  
  29  2:50  Probe x2 (Chrono Boost)  
  33  2:55  Resonating Glaives  
  33  3:01  Probe (Chrono Boost)  
  33  3:02  Probe (Chrono Boost)  
  37  3:13  Probe (Chrono Boost)  
  37  3:14  Probe (Chrono Boost)  
  37  3:16  Gateway  
  37  3:20  Gateway  
  37  3:25  Pylon, Probe (Chrono Boost)  
  39  3:28  Probe (Chrono Boost)  
  39  3:34  Assimilator  
  39  3:37  Probe (Chrono Boost)  
  39  3:40  Probe (Chrono Boost)  
  41  3:43  Pylon  
  41  3:47  Adept  
  44  3:49  Probe (Chrono Boost)  
  44  3:53  Probe (Chrono Boost)  
  45  4:03  Mothership Core (Chrono Boost)  
  45  4:04  Pylon  
  45  4:05  Probe (Chrono Boost)  
  46  4:13  Dark Shrine  
  47  4:17  Probe (Chrono Boost)  
  47  4:21  Probe (Chrono Boost), Adept x3  
  54  4:29  Probe (Chrono Boost)  
  55  4:34  Nexus  
  55  4:42  Adept x3  
  61  4:46  Pylon  
  61  4:48  Probe (Chrono Boost)  
  61  4:49  Probe (Chrono Boost)  
  61  4:51  Assimilator  
  63  4:58  Probe (Chrono Boost)  
  65  5:01  Probe (Chrono Boost)  
  65  5:06  Robotics Facility  
  65  5:09  Probe (Chrono Boost)  
  65  5:13  Probe (Chrono Boost)  
  67  5:19  Probe (Chrono Boost)  
  68  5:25  Probe (Chrono Boost)  
  68  5:27  Dark Templar  
  68  5:28  Dark Templar x2  
  69  5:30  Probe (Chrono Boost)  
  66  5:37  Probe (Chrono Boost)  
  66  5:41  Probe (Chrono Boost)  
  66  5:44  Forge, Gateway  
  66  5:46  Gateway  
  66  5:47  Probe (Chrono Boost), Gateway  
  66  5:49  Probe (Chrono Boost)  
  68  5:51  Probe (Chrono Boost)  
  68  5:53  Immortal  
  69  5:59  Probe (Chrono Boost)  
  75  6:05  Probe (Chrono Boost)  
  75  6:07  Probe (Chrono Boost)  
  75  6:11  Probe (Chrono Boost)  
  75  6:13  Dark Templar x3  
  75  6:15  Protoss Ground Weapons Level 1  
  75  6:17  Probe (Chrono Boost)  
  80  6:19  Probe (Chrono Boost)  
  80  6:23  Probe (Chrono Boost)  
  82  6:29  Warp Prism, Probe (Chrono Boost)  
  82  6:31  Probe (Chrono Boost)  
  82  6:32  Assimilator  
  84  6:33  Assimilator  
  84  6:35  Blink  
  84  6:36  Pylon  
  84  6:38  Probe (Chrono Boost)  
  87  6:40  Probe (Chrono Boost)  
  87  6:42  Pylon  
  87  6:43  Archon  
  87  6:45  Sentry x2  
  92  6:49  Probe (Chrono Boost)  
  92  6:52  Pylon  
  93  6:54  Dark Templar  
  93  7:00  Gateway  
  95  7:03  Gateway  
  95  7:06  Archon  
  95  7:07  Gateway  
  95  7:08  Pylon  
  95  7:11  Adept x3  
  95  7:12  Adept  
  95  7:13  Immortal, Adept  
  109  7:25  Pylon  
  109  7:27  Pylon  
  109  7:28  Pylon  
  107  7:46  Dark Templar x2, Stalker x3  
  107  7:47  Stalker  
  107  7:50  Pylon, Observer  
  119  7:53  Archon  
  120  8:03  Protoss Ground Weapons Level 2  
  120  8:09  Stalker x2  
  120  8:10  Stalker x4  
  128  8:28  Dark Templar x2, Adept  
  128  8:31  Nexus  
  128  8:32  Archon, Adept  
  128  8:33  Adept x5  
  146  8:46  Pylon  
  146  8:47  Pylon  
  146  8:48  Pylon  
  146  8:55  Stalker x5  
  149  9:03  Pylon  
  149  9:04  Pylon, Stalker x2  
  149  9:05  Stalker  
  152  9:17  Stalker  
  152  9:18  Probe x3 (Chrono Boost)  
  152  9:20  Stalker  
  156  9:31  Stalker  
  156  9:32  Stalker x2  
  158  9:48  Stalker x4  
  158  9:49  Stalker  
  134  10:06  Stalker x3  
  134  10:07  Stalker  
  136  10:18  Stalker x4  
  136  10:19  Stalker  
Spawning Tool Build Advisor. Get it on Overwolf

Analysis

(DT,Archon,Stalker..)

Go to:

Details

  • Created by: DarkHeartz
  • Published on: Nov 08, 2016
  • Modified on: Nov 08, 2016
  • Patch: Pre-3.8.0
Show
View Real Time Build Order
Export as new Build Order

Comments (0)

There are no comments. Be the first!

Create an account to comment!